 Dungeon Crawl Stone Soup version 0.31.0-2-g5a2aebc5c2 (webtiles) character file.

Game seed: 7054522595386933695

536 Esekla the Shield-Bearer (level 7, -3/35 HPs)
             Began as a Vine Stalker Wanderer on Jan 20, 2024.
             Was a Priest of Lugonu.
             Killed from afar by a gargoyle (15 damage)
             ... with a stone arrow
             ... on level 5 of the Dungeon.
             The game lasted 00:19:57 (2875 turns).

Esekla the Shield-Bearer (Vine Stalker Wanderer)    Turns: 2875, Time: 00:19:58

Health: -3/35      AC:  7    Str: 16    XL:     7   Next: 25%
Magic:  0/12       EV: 11    Int: 14    God:    Lugonu [***...]
Gold:   158        SH:  4    Dex: 12    Spells: 7/12 levels left

rFire   . . .        s - +2 dagger (drain)
rCold   . . .        b - +0 buckler {AC+3}
rNeg    . . .        n - +1 leather armour {rPois}
rPois   +            (no helmet)
rElec   .            (no cloak)
rCorr   .            (no gloves)
SInv    .            (no boots)
Will    .....        j - amulet of regeneration
Stlth   ++           (no ring)
HPRegen 1.85/turn    (no ring)
MPRegen 0.13/turn

%: guardian spirit
@: no status effects
A: fangs 2, regeneration 1, magic shield, antimagic bite, no potion heal 2
a: Renounce Religion, Depart the Abyss, Banish


You were on level 5 of the Dungeon.
You worshipped Lugonu.
Lugonu was most pleased with you.
You visited 2 branches of the dungeon, and saw 6 of its levels.
You also visited: Sewer.

You collected 158 gold pieces.

Inventory:

Hand Weapons
 k - a +2 war axe of freezing
 r - a +0 spear
 s - a +2 dagger of draining (weapon)
Missiles
 c - 15 boomerangs (quivered)
Armour
 b - a +0 buckler of protection (worn)
 n - a +1 leather armour of poison resistance (worn)
 u - the +0 leather armour of Spring {Int+2 Dex+3}
   (You found it on level 4 of the Dungeon)

   Int+2:     It affects your intelligence (+2).
   Dex+3:     It affects your dexterity (+3).
Jewellery
 j - an amulet of regeneration (around neck)
Scrolls
 d - 2 scrolls of fog {unknown}
 f - 3 scrolls of identify
 g - a scroll of blinking {unknown}
 h - a scroll of silence
 l - a scroll of enchant armour {unknown}
 m - a scroll of summoning {unknown}
 p - a scroll of torment {unknown}
 q - a scroll of poison {unknown}
Potions
 a - 2 potions of curing {unknown}
 e - 2 potions of attraction
 i - 2 potions of brilliance
 o - a potion of haste {unknown}
 t - a potion of enlightenment {unknown}


   Skills:
 * Level 2.3 Fighting
 + Level 2.5 Short Blades
 + Level 1.0 Axes
 + Level 2.3 Throwing
 + Level 2.2 Armour
 + Level 1.6 Dodging
 + Level 2.2 Stealth
 - Level 3.1 Shields
 * Level 3.1 Spellcasting
 * Level 0.5 Conjurations
 * Level 2.1 Ice Magic
 * Level 0.6 Invocations


You had 7 spell levels left.
You knew the following spells:

 Your Spells              Type           Power      Damage    Failure   Level
a - Ozocubu's Armour      Ice            8%         N/A       41%         3
e - Searing Ray           Conj           6%         2d4       38%         2

Your spell library contained the following spells:

 Spells                   Type           Power      Damage    Failure   Level
 Magic Dart               Conj           12%        1d3       26%         1
 Fulminant Prism          Conj/Alch      1%         3d5       97%         4
 Metabolic Englaciation   Hex/Ice        2%         N/A       99%         5
 Sculpt Simulacrum        Ice/Alch       2%         N/A       100%        6


Dungeon Overview and Level Annotations

Branches:
Dungeon (5/15)             Temple (1/1) D:4           Sewer (visited)

Altars:
Ashenzari
Cheibriados
Dithmenos
Elyvilon
Fedhas
Gozag
Kikubaaqudgha
Makhleb
Okawaru
Qazlal
Ru
Sif Muna
Xom
Yredelemnul
Zin
Lugonu

Annotations:
D:4 Grinder


Innate Abilities, Weirdness & Mutations

You have extremely sharp teeth.
Your natural rate of healing is unusually fast.
When hurt, damage is shared between your health and your magic reserves.
Your bite disrupts and absorbs the magic of your enemies.
Potions cannot restore your health.


Message History

The phantom is almost destroyed.
You block the phantom's attack.
You miss the phantom.
The phantom is almost destroyed.
The phantom hits you.
The phantom blinks!
You blink.
You hit the phantom. You bite the phantom.
You destroy the phantom!
Lugonu accepts your kill.
There is a stone staircase leading down here.
Magic restored.
You now have 158 gold pieces (gained 11).
A gargoyle comes into view. It is wielding a +1 mace of protection.
Found a chain mail.
You see here a +0 chain mail.
An ogre comes into view. It is wielding a +0 giant club.
The ogre shouts!
Found 7 gold pieces.
Found 12 gold pieces.
Found a robe. 2 orcs come into view.
An orc comes into view. It is wielding a +0 short sword.
The orc shouts! x3; You hear a shout! x3
The orc throws a boomerang.
The boomerang hits you but does no damage.
An orc comes into view. It is wielding a +0 falchion.
You hear a shout!
You see here a +0 robe.
The orc throws a boomerang.
You block the boomerang.
Found 4 stones.
The gargoyle hurls a stone arrow at you.
The stone arrow hits you!
The gargoyle hurls a stone arrow at you.
The stone arrow hits you!!
Ouch! That really hurt!
* * * LOW HITPOINT WARNING * * *
Things that are here:
7 gold pieces; a scroll labelled VYUGAEMMESH The gargoyle hurls a stone arrow at you.
The stone arrow hits you!
You die...

#. .# #. .# #.#+#.##
#...... ######## #..^...
#......# #....
..##......#### #####.#.#
...........[..
.......@######......##..
#####.(...9.##......##..
#..$###.##......####
#...O.O.........##..
#...###.#......###.#
#....# #.#.###..# #.#
#.#.####O#...#..# #.#
...#.#........#.O# #.#
###.#...$#.#####..# #..


You could see a gargoyle and an ogre.

Vanquished Creatures
  A phantom (D:5)
  2 bullfrogs (Sewer)
  An orc priest (D:3)
  An iguana (D:4)
  9 adders
  4 gnolls (D:2)
  3 river rats (D:3)
  9 dart slugs
  2 ribbon worms
  5 orcs
  11 ball pythons
  11 endoplasms
  12 giant cockroaches
  7 goblins
  5 hobgoblins
  3 jackals
  5 kobolds
  6 quokkas
  5 bats
  11 frilled lizards
  9 rats
122 creatures vanquished.

Notes
Turn   | Place    | Note
-------+----------+-------------------------------------------
     0 | D:1      | Esekla the Vine Stalker Wanderer began the quest for the
                  | Orb.
     0 | D:1      | Esekla set off with the following items: a +0 hand axe, a
                  | +0 buckler of protection, 10 boomerangs, a +0 dagger, a
                  | potion of attraction, a +0 leather armour.
     0 | D:1      | Reached XP level 1. HP: 9/9 MP: 3/3
    76 | D:2      | Reached XP level 2. HP: 14/14 MP: 4/4
   242 | D:1      | Reached XP level 3. HP: 17/17 MP: 6/6
   322 | D:1      | Found a faded altar of an unknown god.
   380 | D:1      | Prayed at the altar of an unknown god.
   380 | D:1      | Became a worshipper of Lugonu the Unformed
   380 | D:1      | Reached * piety under Lugonu
   490 | D:1      | Learned a level 3 spell: Ozocubu's Armour
   788 | D:2      | Reached XP level 4. HP: 21/21 MP: 8/8
   848 | D:2      | Reached skill level 1 in Fighting
   875 | D:2      | Reached skill level 1 in Short Blades
  1348 | D:3      | Reached XP level 5. HP: 25/25 MP: 9/9
  1433 | D:3      | Reached ** piety under Lugonu
  1434 | D:3      | Reached skill level 1 in Ice Magic
  1554 | D:3      | Found a glowing drain.
  1562 | Sewer    | Entered a sewer
  1625 | Sewer    | Reached skill level 1 in Dodging
  1625 | Sewer    | Reached XP level 6. HP: 30/30 MP: 10/10
  1867 | Sewer    | Reached *** piety under Lugonu
  2281 | D:3      | Found a shadowy altar of Dithmenos.
  2281 | D:3      | Found a white marble altar of Elyvilon.
  2439 | D:3      | Learned a level 2 spell: Searing Ray
  2535 | D:4      | Reached XP level 7. HP: 35/35 MP: 12/12
  2550 | D:4      | Found a staircase to the Ecumenical Temple.
  2557 | D:4      | Identified the +0 leather armour of Spring {Int+2 Dex+3}
  2561 | Temple   | Entered the Ecumenical Temple
  2668 | D:4      | Noticed Grinder
  2677 | D:5      | Entered Level 5 of the Dungeon
  2688 | D:4      | Paralysed by Grinder for 2 turns
  2797 | D:5      | Noticed a gargoyle
  2875 | D:5      | Killed from afar by a gargoyle

Illustrated notes

Levels and vault maps discovered:
D:1:      ebering_trefoil_3fold, layout_rooms, dreamdust_ecumenical_altar_grove
D:2:      layout_loops_ring
D:3:      layout_loops_cross, gammafunk_temple_overflow_elements,
          lightli_sewer_entry_pipes
D:4:      wad_woods_settlement, layout_basic, kennysheep_mini_moat,
          minmay_temple_entry_drinking_statues, st_stairs_6,
          minmay_fountain_box, abandoned_shop, uniq_grinder
D:5:      layout_basic, nicolae_specific_store
Temple:   dshaligram_water_room_temple

Skill      XL: |  1  2  3  4  5  6  7 |
---------------+----------------------+-----
Throwing       | 2 |  2.3
Shields        | 3 |  3.1
Spellcasting   | 2 3 |  3.1
Fighting       | 1 2 |  2.3
Short Blades   | 1 2 |  2.5
Armour         | 2 |  2.2
Ice Magic      | 1 2 |  2.1
Dodging        | 1 |  1.6
Stealth        | 2 |  2.2
Axes           | |  1.0
Conjurations   | |  0.5
Invocations    | |  0.6

Action                     |  1- 3 |  4- 6 |  7- 9 || total
---------------------------+-------+-------+-------++-------
  Melee: Dagger            |   122 |   206 |    25 ||   353
         Bite              |    32 |    65 |     8 ||   105
  Throw: Boomerang         |     2 |    22 |     8 ||    32
   Cast: Ozocubu's Armour  |       |     1 |       ||     1
    Use: Scroll            |       |     4 |       ||     4
   Stab: Sleeping          |     1 |     2 |     1 ||     4
 Armour: Leather armour    |    76 |   137 |    17 ||   230
  Dodge: Dodged            |    79 |   109 |     6 ||   194
  Block: Buckler           |    31 |    48 |     7 ||    86
